 Dungeon Crawl Stone Soup version 0.29.1-13-g9f3cf754e1 (webtiles) character file.

Game seed: 9252240449118780938

241991 Gabide the Ruinous (level 18, -14/141 HPs)
             Began as a Demigod Conjurer on Feb 8, 2023.
             Killed by an exploding ball lightning (25 damage)
             ... on level 1 of the Vaults on Feb 9, 2023.
             The game lasted 02:57:58 (53408 turns).

Gabide the Ruinous (Demigod Conjurer)              Turns: 53408, Time: 02:57:59

Health: -14/141    AC: 20    Str:  7    XL:     18   Next: 2%
Magic:  26/38      EV: 15    Int: 57    God:
Gold:   1198       SH:  8    Dex:  9    Spells: 5/39 levels left

rFire   + + .      SeeInvis +   Y - staff of conjuration
rCold   . . .      Faith    .   d - +3 buckler
rNeg    . . .      Spirit   .   w - +1 ring mail of the Tormentor {Contam Int+6 Dex-5 SInv}
rPois   +          Reflect  .   m - +2 helmet
rElec   .          Harm     .   H - +2 cloak
rCorr   .          Rampage  .   g - +2 pair of gloves
Will    +++..                   R - +1 pair of boots "Viekkean" {rF- Str+4 Int+2 Stlth+}
Stlth   +++.......              O - amulet "Pyemuf" {RegenMP Int+5}
HPRegen 0.33/turn               G - ring of poison resistance
MPRegen 0.66/turn               Q - ring "Fybowef" {Drain rF+++ Will++ EV+4 Str-5}

@: studying Throwing
A: high MP 1, forlorn, divine attributes, thin skeletal structure 1,
deterioration 1, wild magic 1
}: 2/15 runes: decaying, serpentine
a: no special abilities


You were on level 1 of the Vaults.
You visited 6 branches of the dungeon, and saw 31 of its levels.
You also visited: Sewer and Ossuary.

You collected 2922 gold pieces.
You spent 1724 gold pieces at shops.

Inventory:

Hand Weapons
 v - the +7 great mace "Firestarter" {inner flame, rF++}
   (You found it on level 13 of the Dungeon)

   It burns those it strikes, dealing additional fire damage.
   It fills those it strikes with an explosive inner flame.
   It grants immunity to clouds of flame.
   rF:        It greatly protects you from fire.
Missiles
 C - 2 curare-tipped darts
 U - 2 throwing nets
Armour
 d - a +3 buckler (worn)
 g - a +2 pair of gloves (worn)
 m - a +2 helmet (worn)
 p - quicksilver dragon scales
 w - the +1 ring mail of the Tormentor (worn) {Contam Int+6 Dex-5 SInv}
   (You found it on level 8 of the Dungeon)

   Int:       It affects your intelligence (+6).
   Dex:       It affects your dexterity (-5).
   SInv:      It lets you see invisible.
   Contam:    It causes magical contamination when unequipped.
 H - a +2 cloak (worn)
 R - the +1 pair of boots "Viekkean" (worn) {rF- Str+4 Int+2 Stlth+}
   (You bought it in a shop on level 9 of the Dungeon)

   Str:       It affects your strength (+4).
   Int:       It affects your intelligence (+2).
   rF:        It makes you vulnerable to fire.
   Stlth:     It makes you more stealthy.
Magical Staves
 Y - a staff of conjuration (weapon)
Jewellery
 c - a ring of flight
 k - an amulet of reflection
 y - a +4 ring of protection
 A - a ring of positive energy
 G - a ring of poison resistance (left hand)
 J - the brooch of Shielding {Spirit SH+8}
   (You found it on level 6 of the Dungeon)

   [amulet of guardian spirit]

   It causes incoming damage to be divided between your reserves of health and
   magic.
   SH:        It affects your SH (+8).
 O - the amulet "Pyemuf" (around neck) {RegenMP Int+5}
   (You found it on level 13 of the Dungeon)

   [amulet of magic regeneration]

   It increases your rate of magic regeneration.
   Int:       It affects your intelligence (+5).
 Q - the ring "Fybowef" (right hand) {Drain rF+++ Will++ EV+4 Str-5}
   (You acquired it on level 4 of the Lair of Beasts)

   [ring of evasion]

   EV:        It affects your evasion (+4).
   Str:       It affects your strength (-5).
   rF:        It renders you almost immune to fire.
   Drain:     It drains your maximum health when unequipped.
   Will:      It greatly increases your willpower.
 T - a ring of protection from cold
 V - a ring of ice
Wands
 K - a wand of quicksilver (13)
 L - a wand of flame (96)
 M - a wand of charming (12)
 N - a wand of mindburst (12)
 S - a wand of iceblast (6)
Scrolls
 f - a scroll of immolation
 n - 4 scrolls of magic mapping
 r - 9 scrolls of fog
 s - 4 scrolls of teleportation
 u - a scroll of blinking
 x - 2 scrolls of poison
 z - 3 scrolls of amnesia
 F - 4 scrolls of vulnerability
 I - 4 scrolls of enchant weapon
 P - 2 scrolls of torment
 W - a scroll of silence
Potions
 a - 2 potions of mutation
 b - 5 potions of curing
 e - a potion of invisibility
 h - 2 potions of brilliance
 i - 5 potions of attraction
 j - 4 potions of might
 l - 4 potions of lignification
 o - 6 potions of haste
 t - 3 potions of heal wounds
 B - 2 potions of cancellation
 D - 3 potions of ambrosia
 E - 9 potions of flight
 X - 4 potions of berserk rage
 Z - a potion of magic
Miscellaneous
 q - a phial of floods


   Skills:
 - Level 8.1 Fighting
 - Level 12.0 Staves
 - Level 8.0 Armour
 - Level 8.1 Dodging
 - Level 2.0 Stealth
 - Level 8.0 Shields
 + Level 11.0 Spellcasting
 - Level 21.3 Conjurations
 - Level 8.1 Evocations


You had 5 spell levels left.
You knew the following spells:

 Your Spells              Type           Power      Damage    Failure   Level
a - Magic Dart            Conj           100%       1d8       1%          1
b - Searing Ray           Conj           100%       2d8       1%          2
c - Dazzling Flash        Conj/Hex       100%       N/A       1%          3
d - Conjure Flame         Conj/Fire      100%       6-21      1%          3
e - Sticky Flame          Conj/Fire      100%       2d11      1%          4
f - Iskenderun's Mystic   Conj/Tloc      100%       2d19      1%          4
g - Fulminant Prism       Conj/Hex       69%        3d28      1%          4
h - Orb of Destruction    Conj           88%        9d19      1%          7
i - Conjure Ball Lightni  Conj/Air       69%        3x3d26    6%          6

Your spell library contained the following spells:

 Spells                   Type           Power      Damage    Failure   Level
 Fireball                 Conj/Fire      69%        3d26      1%          5
 Iskenderun's Battlesphe  Conj           100%       2d15      1%          5
 Apportation              Tloc           80%        N/A       3%          1
 Necrotise                Necr           100%       1d9       3%          1
 Freezing Cloud           Conj/Ice/Air   60%        6-21      4%          5
 Gell's Gravitas          Tloc           40%        N/A       9%          3
 Ignite Poison            Fire/Tmut/Pois 40%        N/A       9%          3
 Teleport Other           Tloc           40%        N/A       9%          3
 Vampiric Draining        Necr           40%        2d8       9%          3
 Anguish                  Hex/Necr       20%        N/A       24%         4
 Animate Armour           Summ/Erth      80%        N/A       24%         4
 Leda's Liquefaction      Hex/Erth       20%        N/A       24%         4
 Petrify                  Tmut/Erth      40%        N/A       24%         4
 Agony                    Necr           40%        N/A       52%         5
 Alistair's Intoxication  Tmut/Pois      26%        N/A       52%         5
 Blade Hands              Tmut           20%        N/A       52%         5
 Lee's Rapid Deconstruct  Erth           20%        3d13*     52%         5
 Metabolic Englaciation   Hex/Ice        20%        N/A       52%         5
 Iron Shot                Conj/Erth      69%        9d13      6%          6
 Dispersal                Tloc           20%        N/A       97%         6
 Simulacrum               Ice/Necr       20%        N/A       97%         6
 Statue Form              Tmut/Erth      26%        N/A       97%         6
 Enfeeble                 Hex            20%        N/A       100%        7
 Disjunction              Tloc           20%        N/A       100%        8
 Polar Vortex             Ice            20%        N/A       100%        9


Dungeon Overview and Level Annotations

Branches:
Dungeon (15/15)            Temple (0/1) D:7            Lair (5/5) D:8
  Swamp (4/4) Lair:2        Snake (4/4) Lair:3        Slime (0/5) Lair:4
    Orc (2/2) D:11            Elf (0/3) Orc:2        Vaults (1/5) D:14
 Depths (0/4) D:15          Sewer (visited)         Ossuary (visited)

Shops:
D:9 [   D:10 *[?   Orc:2 (:*   Snake:1 (   Snake:2 *

Portals:
Pandemonium: Orc:2


Innate Abilities, Weirdness & Mutations

You have an increased reservoir of magic. (+10% MP)
You shall have no god before yourself.
Your divine heritage dramatically boosts your attributes as you level up.
You have a somewhat thin skeletal structure. (Dex +2, Stealth+)
Your body sometimes deteriorates upon taking damage.
Your spells are a little harder to cast, but a little more powerful.


Message History

Press: ? - help, Shift-Dir - straight line, f - centaur warrior
Aim: a centaur warrior (wandering, hasn't noticed you)
You feel a surge of power!
You hear a shout!
The wavering orb of destruction hits the centaur warrior!!!
The centaur warrior is almost dead.
The centaur warrior hits you but does no damage.
You block the centaur warrior's attack.
The centaur warrior hits you but does no damage.
The centaur warrior kicks you but does no damage.
You barely miss the centaur warrior.
The centaur warrior is almost dead.
The centaur warrior hits you.
The centaur warrior kicks you but does no damage.
An ironbound preserver comes into view. It is wielding a +0 mace.
You hit the centaur warrior.
You blast the centaur warrior!
You kill the centaur warrior!
Casting: Orb of Destruction (dangerous; 1% risk of failure)
Confirm with . or Enter, or press ? or * to list all spells.
You feel a surge of power!
You create some ball lightning! 3 ball lightnings come into view.
Unknown command.
Your ball lightning explodes!
The blast of lightning engulfs your ball lightning.
Your ball lightning completely resists.
The blast of lightning engulfs the ironbound preserver!!!
The ironbound preserver is moderately wounded.
The blast of lightning engulfs your ball lightning.
Your ball lightning completely resists.
The blast of lightning engulfs you!!!
Your ball lightning explodes!
The blast of lightning engulfs the ironbound preserver!!!
The ironbound preserver is severely wounded.
The blast of lightning engulfs your ball lightning.
Your ball lightning completely resists.
The blast of lightning engulfs you!!!
* * * LOW HITPOINT WARNING * * *
Your ball lightning explodes!
The blast of lightning engulfs you!!
You die...

#'#### #.....#...#
#..## #.....#.#.#
##..##
#.....#...####
##..###.....#......#
##..##....)#.#..#.#
##..'.....#......#
##.#...).#..p#'##
###.....))..#)..#
#[..).#..@#...#
#.....###+#...#
#.....# ....+
#.....# ..#.#
#.....# ....#
#.....# +#...#
#.....# #.....#
##+#####.....#


You could see an ironbound preserver.

Vanquished Creatures
  the Lernaean hydra (Swamp:4)
  Bai Suzhen (Snake:3)
  2 quicksilver dragons (Snake:4)
  Frances (Snake:2)
  Agnes (Snake:2)
  2 fenstrider witches
  6 nagarajas
  Louise (Swamp:1)
  A vault warden (Vaults:1)
  An ironbound preserver (Vaults:1)
  An ironbound thunderhulk (Vaults:1)
  5 eleionomae
  5 bunyips
  Snorg (Lair:5)
  A fire dragon (D:13)
  A great orb of eyes (Vaults:1)
  3 boulder beetles
  26 hydras
  4 vault guards
  4 salamander tyrants
  5 centaur warriors
  A ghost crab (Swamp:2)
  2 ironbound frosthearts (Vaults:1)
  9 alligators
  10 naga warriors
  A death knight (D:14)
  3 two-headed ogres
  11 anacondas
  Erica (D:9)
  3 orc high priests (Orc:2)
  A tengu warrior (D:15)
  Urug (Lair:5)
  9 shock serpents
  18 naga sharpshooters
  A sun demon (Orc:2)
  A sixfirhy (Orc:2)
  8 salamander mystics
  4 spriggan druids
  4 sea snakes (Snake:3)
  A glowing orange brain (D:15)
  12 swamp dragons
  10 goliath frogs
  Pikel (D:5)
  4 bog bodies
  6 naga ritualists
  4 orc knights
  2 ironbound convokers (Vaults:1)
  A deep elf pyromancer (D:13)
  9 mana vipers
  11 ugly things
  5 orc sorcerers
  4 cyclopes
  2 manticores
  4 will-o-the-wisps (Swamp:3)
  20 salamanders
  12 slime creatures
  3 guardian serpents
  Maurice (D:9)
  27 elephants
  26 naga magi
  37 black mambas
  An ice statue (Lair:5)
  4 vault sentinels (Vaults:1)
  An eye of devastation (Lair:4)
  16 cane toads
  5 kobold demonologists (D:12)
  2 unseen horrors
  A yaktaur (D:15)
  A tengu conjurer (D:15)
  A freezing wraith (D:14)
  12 komodo dragons
  A rime drake (Lair:5)
  An ice devil (Lair:5)
  8 polar bears
  A merfolk (shapeshifter) (D:15)
  5 trolls
  A bloated husk (Swamp:3)
  10 tyrant leeches
  Prince Ribbit (D:7)
  8 dream sheep (Lair:5)
  10 hornets
  18 blink frogs
  19 spriggans
  3 shadows
  3 wyverns
  A hog (shapeshifter) (D:13)
  Eustachio (D:5)
  3 wraiths (D:14)
  62 yaks
  4 basilisks
  8 humans (D:14)
  2 steam dragons (D:8)
  A neqoxec (Orc:2)
  23 vampire mosquitoes
  14 swamp worms
  Edmund (D:4)
  4 acid dragons
  54 nagas
  A floating eye (Lair:4)
  9 water moccasins
  12 swamp drakes
  8 ice beasts
  21 orc warriors
  2 sky beasts
  4 black bears
  14 wolves
  8 ogres
  4 boggarts (Lair:5)
  4 centaurs
  2 lemures (D:5)
  8 kobold brigands
  A phantom (D:4)
  A scorpion (D:5)
  12 bullfrogs
  12 wights
  9 killer bees
  5 electric eels
  3 howler monkeys
  A jelly (D:7)
  18 orc priests
  A gnoll bouda (D:7)
  2 iguanas
  Terence (D:3)
  20 orc wizards
  12 mummies (Ossuary)
  12 gnolls
  4 adders
  2 shadow imps
  A white imp (Lair:5)
  An ufetubus (D:4)
  2 worms (D:2)
  2 dart slugs
  88 orcs
  4 ball pythons
  11 endoplasms
  5 giant cockroaches
  8 hobgoblins
  2 jackals (Sewer)
  21 kobolds
  9 quokkas
  4 bats
  A frilled lizard (D:1)
  3 gnoll skeletons (Ossuary)
  6 goblins
  A goblin skeleton (Ossuary)
  2 kobold skeletons (Ossuary)
  2 orc skeletons (Ossuary)
  13 rats
  11 rat skeletons (Ossuary)
  A bush (Lair:4)
  4 fulminant prisms
1089 creatures vanquished.

Vanquished Creatures (collateral kills)
  A deep elf pyromancer (D:12)
  A gargoyle (D:12)
2 creatures vanquished.

Vanquished Creatures (others)
  A vault guard (D:14)
  2 bloated husks (Swamp:2)
  A vampire (D:12)
  5 ball lightnings (Vaults:1)
  A bush (Lair:3)
  17 foxfires
  130 fulminant prisms
  43 fungi
  45 plants
245 creatures vanquished.

Grand Total: 1336 creatures vanquished

Notes
Turn   | Place    | Note
-------+----------+-------------------------------------------
     0 | D:1      | Gabide the Demigod Conjurer began the quest for the Orb.
     0 | D:1      | Reached XP level 1. HP: 14/14 MP: 5/5
   332 | D:1      | Reached XP level 2. HP: 22/22 MP: 4/7
   381 | D:1      | Learned a level 2 spell: Searing Ray
   653 | D:1      | Reached skill level 4 in Conjurations
  1426 | D:2      | Reached XP level 3. HP: 27/27 MP: 5/8
  1482 | D:2      | Reached skill level 1 in Fighting
  2405 | D:2      | Reached XP level 4. HP: 25/35 MP: 0/10
  2688 | D:3      | Found a glowing drain.
  2692 | Sewer    | Entered a sewer
  2851 | Sewer    | Noticed a kobold brigand
  2923 | Sewer    | Killed a kobold brigand
  2924 | Sewer    | Reached XP level 5. HP: 18/41 MP: 2/11
  4258 | D:3      | Noticed Terence
  4376 | D:3      | Killed Terence
  4377 | D:3      | Reached skill level 5 in Conjurations
  4562 | D:4      | Noticed Edmund
  4891 | D:4      | Learned a level 3 spell: Dazzling Flash
  4938 | D:4      | Noticed an ogre
  4943 | D:4      | Killed an ogre
  4944 | D:4      | Reached XP level 6. HP: 48/48 MP: 8/13
  5158 | D:4      | Killed Edmund
  5377 | D:4      | Reached XP level 7. HP: 56/56 MP: 4/15
  5997 | D:5      | Entered Level 5 of the Dungeon
  6078 | D:5      | Noticed Pikel
  6125 | D:5      | Reached skill level 6 in Conjurations
  6199 | D:5      | Killed Pikel
  6200 | D:5      | Reached XP level 8. HP: 56/66 MP: 0/17
  6480 | D:5      | Reached skill level 7 in Conjurations
  6809 | D:5      | Noticed Eustachio
  6823 | D:5      | Killed Eustachio
  6885 | D:5      | You fall into a shaft and drop 3 floors!
  6885 | D:8      | Found a sand-covered staircase.
  6891 | Ossuary  | Entered an ossuary
  6896 | Ossuary  | Learned a level 3 spell: Conjure Flame
  7020 | Ossuary  | Learned a level 4 spell: Sticky Flame
  8150 | D:8      | Identified the +1 ring mail of the Tormentor {Contam Int+6
                  | Dex-5 SInv}
  8192 | D:8      | Reached skill level 5 in Dodging
  8564 | D:8      | Reached skill level 8 in Conjurations
  8650 | D:8      | Reached XP level 9. HP: 53/73 MP: 8/20
  8660 | D:8      | Reached skill level 5 in Fighting
  8660 | D:8      | Reached skill level 5 in Spellcasting
  8879 | D:7      | Learned a level 4 spell: Iskenderun's Mystic Blast
  9010 | D:7      | Found a staircase to the Ecumenical Temple.
  9067 | D:7      | Noticed Prince Ribbit
  9080 | D:7      | Killed Prince Ribbit
  9152 | D:7      | Noticed a boulder beetle
  9183 | D:7      | Killed a boulder beetle
  9184 | D:7      | Reached skill level 9 in Conjurations
  9307 | D:7      | Found a flagged portal.
 10741 | D:6      | Found the brooch of Shielding {Spirit SH+8}
 10930 | D:7      | Reached XP level 10. HP: 83/83 MP: 14/22
 11480 | D:8      | Found a staircase to the Lair.
 11501 | D:8      | Reached skill level 10 in Conjurations
 12091 | D:9      | Found Tujuh's Antique Armour Emporium.
 12102 | D:9      | Bought a pair of gloves for 157 gold pieces
 12156 | D:9      | Noticed a two-headed ogre
 12174 | D:9      | Killed a two-headed ogre
 12175 | D:9      | Reached skill level 11 in Conjurations
 12330 | D:9      | Noticed Erica
 12339 | D:9      | Killed Erica
 12956 | D:9      | Reached skill level 12 in Conjurations
 13137 | D:9      | Noticed Maurice
 13147 | D:9      | Killed Maurice
 13148 | D:9      | Reached skill level 1 in Armour
 13600 | D:9      | Identified the +1 chain mail of the Monkey's Uncle {rElec
                  | rCorr Stlth-}
 13808 | D:10     | Entered Level 10 of the Dungeon
 14100 | D:10     | Found Raxkajig's Magic Scroll Shop.
 14113 | D:10     | Found Lokaurch's Antique Armour Shop.
 14140 | D:10     | Reached XP level 11. HP: 53/89 MP: 2/24
 14475 | D:10     | Reached skill level 5 in Armour
 14738 | D:10     | Found Eriycoamo's Assorted Antiques.
 14903 | D:9      | Bought a pair of transparent boots for 332 gold pieces
 14903 | D:9      | Identified the +1 pair of boots "Viekkean" {rF- Str+4 Int+2
                  | Stlth+} (You bought it in a shop on level 9 of the Dungeon)
 16158 | D:12     | Noticed a soul eater
 16166 | D:12     | Noticed a deep elf pyromancer
 16183 | D:12     | Killed a deep elf pyromancer
 16564 | D:12     | Noticed a seven-headed hydra
 17489 | D:11     | Found a staircase to the Orcish Mines.
 17892 | D:10     | Bought a shimmering leather armour for 189 gold pieces
 17892 | D:10     | Identified the +0 leather armour of Eternal Night {Harm
                  | Fly} (You bought it in a shop on level 10 of the Dungeon)
 17980 | Lair:1   | Entered Level 1 of the Lair of Beasts
 18630 | Lair:1   | Reached skill level 13 in Conjurations
 19006 | Lair:2   | Reached XP level 12. HP: 72/100 MP: 0/26
 21016 | Lair:2   | Found a staircase to the Swamp.
 21310 | Lair:3   | Reached skill level 14 in Conjurations
 21908 | Lair:3   | Reached skill level 1 in Staves
 22200 | Lair:3   | Found a staircase to the Snake Pit.
 23011 | Lair:4   | Noticed a six-headed hydra
 23023 | Lair:3   | Reached skill level 5 in Staves
 23119 | Lair:4   | Reached XP level 13. HP: 98/107 MP: 3/29
 23294 | Lair:4   | Learned a level 4 spell: Fulminant Prism
 24324 | Lair:4   | Found a staircase to the Slime Pits.
 24438 | Lair:4   | Paralysed by a floating eye for 2 turns
 24498 | Lair:4   | Identified a scroll of acquirement
 24499 | Lair:4   | Acquired the ring "Fybowef" {Drain rF+++ Will++ EV+4 Str-5}
 24909 | Lair:5   | Entered Level 5 of the Lair of Beasts
 26087 | Lair:4   | Reached skill level 15 in Conjurations
 27787 | Lair:5   | Noticed Urug
 27796 | Lair:5   | Killed Urug
 27940 | Lair:5   | Reached skill level 16 in Conjurations
 28100 | Lair:5   | Reached skill level 1 in Shields
 28604 | Lair:5   | Reached XP level 14. HP: 115/115 MP: 6/30
 29093 | Lair:5   | Noticed Snorg
 29325 | Lair:5   | Reached skill level 5 in Shields
 29644 | Lair:5   | Killed Snorg
 29956 | Lair:5   | Identified the +7 long sword of the Apocalypse {vorpal, rF+
                  | Str+4}
 30061 | Lair:5   | Reached skill level 1 in Evocations
 30799 | Lair:5   | Identified the +7 war axe of Calculation {venom, rCorr}
 30835 | Lair:5   | Learned a level 7 spell: Orb of Destruction
 32737 | D:12     | Reached skill level 5 in Evocations
 32859 | D:13     | Identified the amulet "Pyemuf" {RegenMP Int+5}
 33383 | D:13     | Found the +7 great mace "Firestarter" {inner flame, rF++}
 33711 | D:13     | Identified the +8 hand axe of Blind Justice {spect, rN+
                  | Int+4 SInv}
 34502 | D:14     | Identified the +9 spear "Vuhotov" {elec, +Blink Int+2}
 34746 | D:14     | Found a gate to the Vaults.
 34891 | D:15     | Entered Level 15 of the Dungeon
 35712 | D:15     | Identified the +1 ring mail "Fepoak" {Will- Regen+ Slay-6
                  | SInv}
 36337 | D:15     | Reached XP level 15. HP: 95/121 MP: 14/31
 36436 | D:15     | Found a staircase to the Depths.
 36584 | Orc:1    | Entered Level 1 of the Orcish Mines
 37019 | Orc:2    | Entered Level 2 of the Orcish Mines
 37716 | Orc:2    | Found Cofai's General Store.
 37836 | Orc:2    | Found Mes Womp's Distillery.
 37881 | Orc:2    | Bought a scroll of enchant armour for 97 gold pieces
 37881 | Orc:2    | Bought a scroll of identify for 26 gold pieces
 38319 | Orc:2    | Found a staircase to the Elven Halls.
 38695 | Orc:2    | Gained mutation: You occasionally lose the ability to read
                  | scrolls when taking damage. [a neqoxec]
 38704 | Orc:2    | Lost mutation: You occasionally lose the ability to read
                  | scrolls when taking damage. [potion of mutation]
 38704 | Orc:2    | Gained mutation: Your body sometimes deteriorates upon
                  | taking damage. [potion of mutation]
 38704 | Orc:2    | Gained mutation: Your body often deteriorates upon taking
                  | damage. [potion of mutation]
 38704 | Orc:2    | Gained mutation: You are partially covered in iridescent
                  | scales. (AC +2) [potion of mutation]
 38705 | Orc:2    | Lost mutation: You are partially covered in iridescent
                  | scales. (AC +2) [potion of mutation]
 38705 | Orc:2    | Lost mutation: Your body often deteriorates upon taking
                  | damage. [potion of mutation]
 38705 | Orc:2    | Gained mutation: Your flesh is heat resistant. (rF+)
                  | [potion of mutation]
 38705 | Orc:2    | Gained mutation: You are partially covered in iridescent
                  | scales. (AC +2) [potion of mutation]
 38705 | Orc:2    | Gained mutation: You have large cloven feet. [potion of
                  | mutation]
 39071 | Orc:2    | Found Zekiodd's Book Emporium.
 39071 | Orc:2    | Found Kaashuwn's Antique Weapon Shoppe.
 39072 | Orc:2    | Found a one-way gate leading to the halls of Pandemonium.
 39164 | Orc:2    | Lost mutation: You are partially covered in iridescent
                  | scales. (AC +2) [potion of mutation]
 39164 | Orc:2    | Lost mutation: You have large cloven feet. [potion of
                  | mutation]
 39164 | Orc:2    | Lost mutation: Your flesh is heat resistant. (rF+) [potion
                  | of mutation]
 39164 | Orc:2    | Gained mutation: Your spells are a little harder to cast,
                  | but a little more powerful. [potion of mutation]
 39164 | Orc:2    | Gained mutation: You have a somewhat thin skeletal
                  | structure. (Dex +2, Stealth+) [potion of mutation]
 39489 | Orc:2    | Bought a potion of might for 52 gold pieces
 39489 | Orc:2    | Bought a potion of mutation for 104 gold pieces
 39489 | Orc:2    | Bought a potion of lignification for 39 gold pieces
 39489 | Orc:2    | Bought a potion of flight for 39 gold pieces
 39489 | Orc:2    | Bought a potion of mutation for 104 gold pieces
 39489 | Orc:2    | Bought a potion of invisibility for 104 gold pieces
 39489 | Orc:2    | Bought a potion of heal wounds for 65 gold pieces
 39489 | Orc:2    | Bought a potion of brilliance for 52 gold pieces
 39489 | Orc:2    | Bought a potion of magic for 104 gold pieces
 39489 | Orc:2    | Bought 2 potions of resistance for 260 gold pieces
 39679 | Swamp:1  | Entered Level 1 of the Swamp
 40217 | Swamp:1  | Noticed Louise
 40222 | Swamp:1  | Killed Louise
 41006 | Swamp:2  | Noticed a fenstrider witch
 41012 | Swamp:2  | Killed a fenstrider witch
 41281 | Swamp:2  | Reached skill level 17 in Conjurations
 43019 | Swamp:3  | Identified the +8 giant spiked club of Linu {vorpal, Dex+2}
 43127 | Swamp:4  | Entered Level 4 of the Swamp
 43127 | Swamp:4  | Noticed a fenstrider witch
 43129 | Swamp:4  | Killed a fenstrider witch
 43143 | Swamp:3  | Reached XP level 16. HP: 107/128 MP: 3/32
 43216 | Swamp:3  | Reached skill level 10 in Staves
 43331 | Swamp:4  | Identified the +2 broad axe of the Nexus {vorpal, *Rage
                  | +Blink rF++}
 43846 | Swamp:4  | Noticed the 27-headed Lernaean hydra
 43895 | Swamp:4  | Reached skill level 18 in Conjurations
 43941 | Swamp:4  | Killed the 27-headed Lernaean hydra
 44438 | Swamp:4  | HP: 3/128 [five-headed hydra (13)]
 45150 | Swamp:4  | Got a decaying rune of Zot
 45425 | Snake:1  | Entered Level 1 of the Snake Pit
 45491 | Snake:1  | Identified the +8 mace of Qaoxumm {freeze, rElec Str+4}
 46067 | Snake:1  | Found Olicuz's Antique Weapon Shoppe.
 46468 | Snake:1  | You fall into a shaft and drop 1 floor!
 46468 | Snake:2  | Noticed Frances
 46475 | Snake:2  | Killed Frances
 46476 | Snake:2  | Reached skill level 19 in Conjurations
 48018 | Snake:2  | Reached XP level 17. HP: 112/134 MP: 4/33
 48323 | Snake:2  | Found Vebofic's General Store.
 48462 | Snake:2  | Reached skill level 20 in Conjurations
 48823 | Snake:3  | Noticed Agnes
 48890 | Snake:2  | Killed Agnes
 49767 | Snake:3  | Noticed Bai Suzhen
 49771 | Snake:3  | Killed Bai Suzhen
 50197 | Snake:3  | Reached skill level 21 in Conjurations
 50877 | Snake:4  | Entered Level 4 of the Snake Pit
 52308 | Snake:4  | Noticed a quicksilver dragon
 52316 | Snake:4  | Killed a quicksilver dragon
 52317 | Snake:4  | Reached skill level 10 in Spellcasting
 52598 | Snake:4  | Noticed a quicksilver dragon
 52603 | Snake:4  | Killed a quicksilver dragon
 52687 | Snake:4  | Got a serpentine rune of Zot
 53031 | Vaults:1 | Entered Level 1 of the Vaults
 53276 | Vaults:1 | Reached XP level 18. HP: 141/141 MP: 26/38
 53301 | Vaults:1 | Learned a level 6 spell: Conjure Ball Lightning
 53408 | Vaults:1 | Killed by an exploding ball lightning

Illustrated notes

Levels and vault maps discovered:
D:1:      amcnicky_arrival_blooded_trapdoor, layout_loops_ring,
          lemuel_flame_loot_1
D:2:      layout_basic
D:3:      layout_basic, hellmonk_ecumenical_altar_crossroads,
          gup_sewer_entry_bowl, uniq_terence
D:4:      layout_gridville, uniq_edmund
D:5:      layout_gridville, uniq_eustachio, uniq_pikel
D:6:      layout_loops_ring
D:7:      layout_gridville, minmay_temple_entry_tees, enter_bailey_7,
          uniq_prince_ribbit1
D:8:      layout_cave_pools, nzn_hepliaklqana_mist_gate, lair_entry_dummy,
          nicolae_ossuary_entry_ruins
D:9:      layout_grid_maze, serial_shops, nicolae_shop_overgrown_old_shop,
          uniq_erica, uniq_maurice
D:10:     layout_roguey, serial_shops, nicolae_shop_crystal,
          nicolae_inconvenience_store, shop
D:11:     layout_basic, erik_orc_1, minmay_misc_feat_cross, zin_statuary
D:12:     layout_long_grid
D:13:     dragon1_lemuel, layout_cave_pools
D:14:     layout_roguey, ximxim_vaults_locker_room
D:15:     gammafunk_enter_depths_forms, layout_cave_pools,
          trog_three_pillars_becter
Lair:1:   layout_small_grid
Lair:2:   layout_concentric_octagons, nicolae_swamp_entry_splash_gauntlet,
          portal_ice_cave_entry_pillars_1
Lair:3:   layout_concentric_octagons, minmay_snake_entry_guardpost_medium
Lair:4:   layout_gridlike, minmay_slime_entry_eyes, basic_altar,
          grunt_megastairs_2
Lair:5:   minmay_lair_end_enchanted_forest, layout_small_grid, ice2_lemuel,
          uniq_snorg, uniq_urug
Swamp:1:  layout_basic_swamp, evilmike_swamp_ruin_wall, uniq_louise
Swamp:2:  layout_basic_swamp, serial_swamp_ruin, evilmike_swamp_ruin_house_3,
          hangedman_swamp_ruin_wall
Swamp:3:  layout_falls_marsh, evilmike_swamp_ruin_house_6, swamp_pool2,
          infiniplex_staircase_pool
Swamp:4:  swamp, layout_basic_swamp, nicolae_swamp_orc_logging_accident,
          swamp_pool5
Snake:1:  layout_layer_cave, basic_altar, serial_shops, nicolae_take_the_stairs
Snake:2:  layout_gridlike, serial_shops, nicolae_diamond_shop,
          nicolae_snake_magic_snake_eye, uniq_frances
Snake:3:  layout_grid_shapes, grunt_ministairs_7, grunt_megastairs_5,
          serial_bayou_shore_a, uniq_bai_suzhen, uniq_agnes
Snake:4:  hellmonk_snake_rune_quicksilver_temple, layout_basic
Orc:1:    layout_diamond_mine
Orc:2:    pf_orc_diabolical, layout_diamond_mine, basic_altar
Vaults:1: hangedman_vaults_locks, v_misc_5, v_misc_29, vaults_mumra_hexcomb,
          vaults_dpeg_diagonal, vaults_dpeg_cross,
          nicolae_vaults_mini_display_case, nicolae_vaults_theta,
          nicolae_vaults_alarming, nicolae_vaults_ring_of_whatevers,
          nicolae_vaults_bisected_inception, grunt_vaults_bifocal,
          layout_vaults_omnicross, uniq_aizul

Skill      XL: |  1  2  3  4  5  6  7  8  9 10 11 12 13 14 15 16 17 18 |
---------------+-------------------------------------------------------+-----
Dodging        | 2 3 4 5 6 7 8 |  8.1
Spellcasting   | 2 3 4 6 7 8 10 11 | 11.0
Conjurations   | 4 5 6 8 9 12 13 14 16 17 19 21 | 21.3
Fighting       | 1 2 3 4 6 7 8 |  8.1
Stealth        | 2 |  2.0
Armour         | 4 6 8 |  8.0
Staves         | 5 8 9 11 12 | 12.0
Shields        | 3 8 |  8.0
Evocations     | 6 8 |  8.1

Action                   |  1- 3 |  4- 6 |  7- 9 | 10-12 | 13-15 | 16-18 || total
-------------------------+-------+-------+-------+-------+-------+-------++-------
Melee: Unarmed           |     5 |    25 |       |       |       |       ||    30
       Dagger            |       |       |    44 |   161 |       |       ||   205
       Punch             |       |       |       |     6 |       |       ||     6
       Staff             |       |       |       |    48 |   252 |   190 ||   490
Throw: Dart              |       |     6 |    14 |       |       |       ||    20
       Throwing net      |       |     1 |     1 |     1 |       |       ||     3
 Cast: Magic Dart        |   113 |   107 |    13 |    35 |       |       ||   268
       Searing Ray       |       |    13 |    93 |    88 |    63 |     1 ||   258
       Conjure Flame     |       |       |    13 |     6 |       |       ||    19
       Sticky Flame      |       |       |     5 |   140 |    39 |     2 ||   186
       Iskenderun's Myst |       |       |     3 |    88 |   123 |    44 ||   258
       Dazzling Flash    |       |       |       |     1 |    11 |     1 ||    13
       Fulminant Prism   |       |       |       |       |   134 |       ||   134
       Orb of Destructio |       |       |       |       |   242 |   321 ||   563
       Conjure Ball Ligh |       |       |       |       |       |     2 ||     2
Evoke: Wand              |       |       |       |     1 |     1 |     2 ||     4
  Use: Potion            |       |     6 |     2 |     6 |     9 |    10 ||    33
       Scroll            |       |     5 |     5 |    20 |    14 |     6 ||    50
 Stab: Invisible         |       |       |     1 |       |     1 |       ||     2
Armor: Robe              |     7 |    10 |    35 |    49 |       |       ||   101
       Troll leather arm |       |       |       |   147 |     3 |       ||   150
       Ring mail         |       |       |       |       |   230 |   152 ||   382
Dodge: Dodged            |    11 |    29 |    85 |   352 |   380 |   253 ||  1110
Block: Other             |     4 |    11 |    34 |   109 |    34 |       ||   192
       Reflection        |       |     1 |       |     1 |     2 |       ||     4
       Buckler           |       |       |       |       |   206 |   117 ||   323
